cohdb
Replays
Latest Replays
All Replays
Popular Replays
Top Player Replays
Match Explorer
How It Works
Community
CoH3 Stats
Reddit
Sign in to upload your games and track your stats! →
Sign in with Steam
Match 28191029
Unlisted
Match 28191029
Overview
Messages
Build Orders
End
Kradschützen Motorcycle Team
250 Light Carrier
Selects Armored Support Battlegroup
Panzerpioneer Squad
Construct Light Support Kompanie
Combat Half-tracks
250 Light Carrier
Fire Support Elements
Selects Superior Fire Drills
Panzerpioneer Squad
Kradschützen Motorcycle Team
Pak 38 Mechanized Group
Tungsten Core Ammunition
Selects Salvage Kits
Construct Panzerarmee Kommand
Advanced Field Repairs
Vehicle Survival Package
le.IG 18 Support Gun Team
Panzer III L Medium Tank
Selects Panzer Storm
Emergency Repair Kits
Panzer III L Medium Tank
Kylen
Washington Irving
runningDuck
XelaN
Noch
Mircin
Moonkite
YangXYZ
0
0
Comments
sign in to comment!
No comments posted yet!